 Dungeon Crawl Stone Soup version 0.15-a0-1119-g9b3a599 (webtiles) character file.

709 Amnesiac the Basher (level 7, 0/66 HPs)
             Began as an Ogre Gladiator on May 29, 2014.
             Slain by a giant gecko (3 damage)
             ... on Level 5 of the Dungeon.
             The game lasted 00:06:09 (2367 turns).

Amnesiac the Basher (Ogre Gladiator)                Turns: 2367, Time: 00:06:10

HP   0/66        AC  4     Str 21      XL: 7   Next: 68%
MP   7/7         EV 10     Int  7      God:
Gold 75          SH  0     Dex 12      Spells:  0 memorised,  6 levels left

rFire  . . .     SeeInvis .     b - +0 giant spiked club
rCold  . . .     Clarity  .     x - +1 robe
rNeg   . . .     rCorr    .     (shield restricted)
rPois  .         rRot     .     c - +0 hat
rElec  .         Spirit   .     (no cloak)
SustAb .         Warding  .     (gloves unavailable)
rMut   .         Stasis   +     (boots unavailable)
Gourm  .                        t - amulet of stasis
MR     .....                    (no ring)
                                h - ring of teleport control

@: lethally poisoned, not resistant to hostile enchantments, very unstealthy
A: unfitting armour, tough skin 1
a: Evoke Teleport Control


You were on level 5 of the Dungeon.
You were not hungry.

You visited 1 branch of the dungeon, and saw 5 of its levels.

You collected 75 gold pieces.

Inventory:

Hand weapons
 b - a +0,+0 giant spiked club (weapon)
 e - a +0 blowgun
 w - a +1,+3 flail
Missiles
 d - a throwing net (quivered)
 k - 6 javelins
 n - 4 tomahawks of returning
Armour
 c - a +0 hat (worn)
 x - a +1 robe (worn)
Magical devices
 r - a wand of frost (11) {unknown}
 s - a wand of lightning (5) {unknown}
 y - a wand of polymorph (14) {unknown}
Comestibles
 f - 2 meat rations
 g - 43 fruits
 j - 5 rotting chunks of hippogriff flesh
 l - 2 slices of pizza
 q - a chunk of rat flesh
 v - a bread ration
Scrolls
 a - a scroll of fog {unknown}
 i - a scroll of teleportation
 m - a scroll of immolation
 p - a scroll of recharging {unknown}
 u - 2 scrolls of amnesia {unknown}
 z - a scroll of fear {unknown}
Jewellery
 h - a ring of teleport control (left hand)
 t - an amulet of stasis (around neck)


   Skills:
 - Level 2.6 Fighting
 + Level 11.2 Maces & Flails
 - Level 2.1 Throwing
 - Level 2.6 Dodging


You had 6 spell levels left.
You didn't know any spells.

Dungeon Overview and Level Annotations

Branches:
Dungeon (5/15)
 Temple: D:4-7

Altars:
Fedhas
Kikubaaqudgha
Okawaru
Sif Muna
Xom

Portals:
Sewer: D:5


Innate Abilities, Weirdness & Mutations

You are too large for most types of armour.
You have tough skin (AC +1).


Message History

A rat comes into view.
You feel sick.
You see here an adder corpse.
You hit the rat.
The rat is severely wounded.
The giant gecko bites you.
* * * LOW HITPOINT WARNING * * *
The rat splashes around in the water.
The giant gecko bites you.
* * * LOW HITPOINT WARNING * * *
The rat splashes around in the water.
The giant gecko bites you.
* * * LOW HITPOINT WARNING * * *
You hear the rapid rusting of a drain.
The giant gecko closely misses you.
You miss the giant gecko.
You feel sick. The giant gecko bites you.
* * * LOW HITPOINT WARNING * * *
Drink which item? (? for menu, Esc to quit)
Your amulet of stasis emits a piercing whistle.
It was a potion of haste.
The giant gecko bites you.
You die...

..........####..####.#
#........##≈≈####≈≈###
#.........≈≈≈≈%≈≈≈≈≈#
#.......###≈≈####≈≈##
#.........####≈≈##≈# #
#.........#≈≈≈≈≈≈#≈# #.
##.#......#r%≈≈∩≈#≈#
#.###.#####..#l##≈≈##≈#
#.........).##@≈####≈≈##
#..<......###≈≈≈≈≈≈≈≈≈≈#
#####.#.....##≈≈####≈≈##
#.#.###.##### ####
#.......####
#.######.........# #.#
#....)...###.###.# #..
#######..# #.# #.## ###
#..###'###..#... #######


You could see a giant gecko and a rat.

Vanquished Creatures
  A hippogriff (D:4)
  A necrophage (D:5)
  An ogre (D:5)
  A centaur (D:5)
  A scorpion (D:4)
  A crimson imp (D:5)
  2 iguanas (D:5)
  2 worker ants
  5 adders
  4 giant mites
  2 worms (D:3)
  A giant gecko (D:2)
  An ooze (D:4)
  9 orcs (D:3)
  2 bats
  A bat skeleton (D:4)
  2 giant cockroaches (D:5)
  4 goblins
  7 hobgoblins
  A giant gecko skeleton (D:4)
  2 giant newts
  6 kobolds
  A kobold skeleton (D:4)
  4 rats
62 creatures vanquished.

Notes
Turn   | Place    | Note
--------------------------------------------------------------
     0 | D:1      | Amnesiac, the Ogre Gladiator, began the quest for the Orb.
     0 | D:1      | Reached XP level 1. HP: 22/22 MP: 1/1
    34 | D:2      | Found an iron altar of Okawaru.
    90 | D:2      | Found a blossoming altar of Fedhas.
   101 | D:2      | Reached XP level 2. HP: 17/29 MP: 2/2
   278 | D:2      | Reached skill level 5 in Maces & Flails
   461 | D:3      | Reached XP level 3. HP: 34/36 MP: 3/3
   761 | D:3      | Found a deep blue altar of Sif Muna.
   929 | D:3      | Reached skill level 6 in Maces & Flails
  1057 | D:3      | Reached XP level 4. HP: 23/44 MP: 4/4
  1286 | D:3      | Found an iron altar of Okawaru.
  1441 | D:4      | Reached skill level 7 in Maces & Flails
  1489 | D:4      | Reached XP level 5. HP: 37/50 MP: 5/5
  1664 | D:5      | Entered Level 5 of the Dungeon
  1667 | D:5      | Noticed a necrophage
  1684 | D:5      | Reached skill level 8 in Maces & Flails
  1697 | D:5      | Killed a necrophage
  1697 | D:5      | Reached skill level 9 in Maces & Flails
  1697 | D:5      | Reached XP level 6. HP: 10/59 MP: 6/6
  1717 | D:5      | Found a shimmering altar of Xom.
  1973 | D:5      | Noticed an ogre
  1981 | D:5      | Killed an ogre
  1985 | D:5      | Reached skill level 10 in Maces & Flails
  1985 | D:5      | Reached XP level 7. HP: 66/66 MP: 7/7
  1994 | D:4      | Noticed a hippogriff
  2005 | D:4      | Killed a hippogriff
  2116 | D:4      | Found an ancient bone altar of Kikubaaqudgha.
  2170 | D:5      | Noticed a centaur
  2187 | D:5      | Killed a centaur
  2187 | D:5      | Reached skill level 11 in Maces & Flails
  2360 | D:5      | Found a glowing drain.
  2366 | D:5      | HP: 3/66 [giant gecko (4)]
  2367 | D:5      | Slain by a giant gecko

Action                   |  1- 3 |  4- 6 |  7- 9 || total
-------------------------+-------+-------+-------++-------
Melee: Flail             |    88 |    95 |       ||   183
       Giant spiked club |       |       |    46 ||    46
Throw: Throwing net      |       |     2 |       ||     2
  Use: Potion            |       |     2 |     3 ||     5
       Scroll            |       |     1 |     1 ||     2
 Stab: Held in net/web   |       |     1 |       ||     1
